 Dungeon Crawl Stone Soup version 0.27.1-16-g815e20cd7a (webtiles) character file.

Game seed: 4224484355198188219

516 MisterFreud the Cleaver (level 7, -1/61 HPs)
             Began as a Hill Orc Abyssal Knight on Nov 21, 2021.
             Was a Believer of Lugonu.
             Killed from afar by Blork the orc (6 damage)
             ... with a puff of flame
             ... on level 5 of the Dungeon.
             The game lasted 00:05:38 (5122 turns).

MisterFreud the Cleaver (Hill Orc Abyssal Knight)   Turns: 5122, Time: 00:05:38

Health: -1/61      AC:  4    Str: 17    XL:     7   Next: 20%
Magic:  8/8        EV: 11    Int: 12    God:    Lugonu [**....]
Gold:   254        SH:  0    Dex: 10    Spells: 6/6 levels left

rFire    . . .     SeeInvis .   a - +1 hand axe
rCold    . . .     Faith    .   (no shield)
rNeg     . . .     Spirit   .   b - +0 leather armour
rPois    .         Reflect  .   (no helmet)
rElec    .         Harm     .   (no cloak)
rCorr    .         Rampage  .   (no gloves)
Will     .....                  g - +0 pair of boots
Stlth    +.........             (no amulet)
HPRegen  0.20/turn              (no ring)
MPRegen  0.11/turn              (no ring)

@: studying Shields
A: no striking features
a: Renounce Religion, Depart the Abyss, Bend Space


You were on level 5 of the Dungeon.
You worshipped Lugonu.
Lugonu was pleased with you.
You visited 1 branch of the dungeon, and saw 5 of its levels.
You visited the Abyss 1 time.

You collected 254 gold pieces.

Inventory:

Hand Weapons
 a - a +1 hand axe (weapon)
Missiles
 d - 37 bolts
 f - 28 poisoned darts (quivered)
Armour
 b - a +0 leather armour (worn)
 g - a +0 pair of boots (worn)
Jewellery
 c - a ring of ice
Wands
 q - a wand of iceblast (10)
Scrolls
 h - 2 scrolls of fog {unknown}
 k - a scroll of enchant weapon {unknown}
Potions
 e - a potion of heal wounds
 i - a potion of haste
 j - a potion of ambrosia
 l - 2 potions of brilliance
 m - a potion of curing
 n - 2 potions of magic {unknown}
 o - a potion of degeneration {unknown}
 p - a potion of invisibility {unknown}
 r - a potion of might {unknown}


   Skills:
 - Level 5.0 Fighting
 + Level 9.3 Axes
 - Level 2.1 Armour
 - Level 0.7 Dodging
 - Level 2.4 Invocations


You had 6 spell levels left.
You didn't know any spells.
Your spell library contained the following spells:

 Spells                   Type           Power      Damage    Failure   Level
 Corona                   Hex            0%         N/A       36%         1


Dungeon Overview and Level Annotations

Branches:
Dungeon (5/15)
 Temple: D:4-7

Altars:

Shops:
D:2 [

Annotations:
D:3 2 runed translucent doors, Kay's ghost, weakling DsAK
D:4 Eustachio
D:5 Blork the orc


Message History

The scorpion zombie hits you.
Blork the orc comes into view.
He is wielding a +0 glaive.
Blork the orc shouts!
You hit the scorpion zombie.
The scorpion zombie is lightly damaged.
The scorpion zombie hits you.
You hit the scorpion zombie but do no damage.
The scorpion zombie is lightly damaged.
The scorpion zombie barely misses you.
You barely miss the scorpion zombie.
The scorpion zombie is lightly damaged.
The scorpion zombie hits you.
You barely miss the scorpion zombie.
The scorpion zombie is lightly damaged.
Blork the orc closely misses you.
You hit the scorpion zombie.
The scorpion zombie is moderately damaged.
The scorpion zombie hits you. Blork the orc barely misses you.
You hit the scorpion zombie.
The scorpion zombie is moderately damaged.
The scorpion zombie hits you.
Blork the orc hits you from afar with a +0 glaive!
* * * LOW HITPOINT WARNING * * *
You hit the scorpion zombie.
The scorpion zombie is moderately damaged.
The scorpion zombie hits you.
* * * LOW HITPOINT WARNING * * *
You hit the scorpion zombie.
The scorpion zombie is heavily damaged.
Blork the orc looks satisfied for a moment.
The scorpion zombie barely misses you.
Unknown command.
Blork the orc looks satisfied for a moment.
Blork the orc points at you and mumbles some strange words.
The magic dart hits you!
* * * LOW HITPOINT WARNING * * *
Blork the orc screams, "I'll crush all your ribs!
One by one!"
Blork the orc points at you and mumbles some strange words.
The puff of flame hits you.
You die...

#........> ...........
### ######.#### ..# #.#
#.# #.# # #.# #.#
#..########.###### #.#
#...Zo...........# #.#
##.########@####.######.#
#.##......[...#
#.##.#.....#######
#....#####........ ######
#########


You could see Blork the orc and a scorpion zombie.

Vanquished Creatures
  Prince Ribbit (D:5)
  An ice beast (D:5)
  A scorpion (D:4)
  A water moccasin zombie (D:5)
  An iguana (D:5)
  3 adders
  3 worms
  2 dart slugs
  4 bats
  5 endoplasms
  4 giant cockroaches
  8 goblins
  4 hobgoblins
  7 kobolds
  3 quokkas
  2 ball pythons
  4 frilled lizards
  4 rats
58 creatures vanquished.

Vanquished Creatures (others)
  A plant (D:1)
1 creature vanquished.

Grand Total: 59 creatures vanquished

Notes
Turn   | Place    | Note
-------+----------+-------------------------------------------
     0 | Abyss:1  | MisterFreud the Hill Orc Abyssal Knight began the quest for
                  | the Orb.
     0 | Abyss:1  | Reached XP level 1. HP: 19/19 MP: 2/2
     9 | Abyss:1  | Found a corrupted altar of Lugonu.
    98 | Abyss:1  | Noticed a large abomination
   100 | D:1      | Escaped the Abyss
   178 | D:1      | Reached skill level 3 in Axes
   373 | D:1      | Reached XP level 2. HP: 25/26 MP: 3/3
   397 | D:1      | Reached * piety under Lugonu
   469 | D:1      | Found a faded altar of an unknown god.
   474 | D:1      | Got Plato's Tome of Beguiling
   543 | D:1      | Reached skill level 4 in Axes
  1219 | D:2      | Reached XP level 3. HP: 26/31 MP: 4/4
  1389 | D:2      | Reached skill level 5 in Axes
  1978 | D:2      | Found Nulurecs's Antique Armour Shop.
  2357 | D:3      | Found a large runed translucent door.
  2358 | D:3      | Found a large runed translucent door.
  2377 | D:3      | Reached XP level 4. HP: 15/39 MP: 5/5
  2566 | D:3      | Noticed Kay's ghost (weakling DsAK)
  2763 | D:3      | Reached ** piety under Lugonu
  3102 | D:4      | Reached skill level 6 in Axes
  3195 | D:4      | Noticed a scorpion
  3207 | D:4      | Killed a scorpion
  3208 | D:4      | Reached XP level 5. HP: 3/45 MP: 6/6
  3660 | D:4      | Reached skill level 7 in Axes
  3879 | D:4      | Noticed Eustachio
  4146 | D:4      | HP: 1/35 [ufetubus[Eustachio] (1)]
  4474 | D:5      | Entered Level 5 of the Dungeon
  4486 | D:5      | Noticed an ice beast
  4502 | D:5      | Killed an ice beast
  4503 | D:5      | Reached skill level 8 in Axes
  4503 | D:5      | Reached XP level 6. HP: 21/51 MP: 7/7
  4735 | D:5      | Noticed Prince Ribbit
  4755 | D:5      | Killed Prince Ribbit
  4756 | D:5      | Reached skill level 5 in Fighting
  4756 | D:5      | Reached skill level 9 in Axes
  4756 | D:5      | Reached XP level 7. HP: 38/61 MP: 8/8
  5108 | D:5      | Noticed Blork the orc
  5122 | D:5      | Killed from afar by Blork the orc

Illustrated notes

Levels and vault maps discovered:
D:1:      dpeg_arrival_arbitrary_b, layout_rooms,
          shapermc_ecumenical_altar_rom_forum
D:2:      layout_basic, serial_shops, nicolae_shop_overgrown_old_shop
D:3:      layout_rooms, ebering_ghost_disaster_area
D:4:      layout_loops_ring, uniq_eustachio
D:5:      layout_loops_ring, marbit_many_paths, lemuel_coloured_pillars_altar,
          minmay_temple_entry_fiery, uniq_blork_the_orc, uniq_prince_ribbit1

Skill      XL: |  1  2  3  4  5  6 |
---------------+-------------------+-----
Axes           | 3 4 5 6 8 9 |  9.3
Fighting       | 5 |  5.0
Armour         | |  2.1
Dodging        | |  0.7
Invocations    | |  2.4

Action                   |  1- 3 |  4- 6 |  7- 9 || total
-------------------------+-------+-------+-------++-------
Melee: Hand axe          |   125 |   121 |    22 ||   268
Throw: Dart              |       |    14 |       ||    14
Invok: Depart the Abyss  |     1 |       |       ||     1
Evoke: Wand              |       |       |     1 ||     1
  Use: Scroll            |       |     5 |       ||     5
       Potion            |       |     1 |       ||     1
Armor: Leather armour    |    41 |    22 |     1 ||    64
Dodge: Dodged            |    64 |    64 |     9 ||   137
